 Dungeon Crawl Stone Soup version 0.22-a0-880-gb7b0c8b (webtiles) character file.

70 poirepourri the Changer (level 4, 0/32 HPs)
             Began as a Merfolk Transmuter on July 30, 2018.
             Succumbed to an adder's poison
             ... on level 2 of the Dungeon.
             The game lasted 00:02:03 (2117 turns).

poirepourri the Changer (Merfolk Transmuter)        Turns: 2117, Time: 00:02:03

Health: 0/32       AC:  2    Str: 10    XL:     4   Next: 22%
Magic:  7/7        EV: 13    Int: 12    God:
Gold:   79         SH:  0    Dex: 15    Spells: 1/7 levels left

rFire    . . .     SeeInvis .     - Unarmed
rCold    . . .     Gourm    .   (no shield)
rNeg     . . .     Faith    .   b - +0 robe
rPois    .         Spirit   .   (no helmet)
rElec    .         Reflect  .   (no cloak)
rCorr    .         Harm     .   (no gloves)
MR       .....                  (no boots)
Stlth    +.........             (no amulet)
HPRegen  0.10/turn              (no ring)
MPRegen  0.10/turn              (no ring)

@: lethally poisoned (0 -> -1)
A: change form in water, swift swim, stealthy swim
a: no special abilities


You were on level 2 of the Dungeon.
You were not hungry.

You visited 1 branch of the dungeon, and saw 3 of its levels.

You collected 79 gold pieces.

Inventory:

Missiles
 a - 26 arrows
Armour
 b - a +0 robe (worn)
Scrolls
 c - 2 scrolls of enchant weapon
 d - a scroll of teleportation
 e - 2 scrolls of identify
 g - 2 scrolls of remove curse {unknown}
 i - a scroll of magic mapping {unknown}
Potions
 h - a potion of haste
Comestibles
 j - a ration


   Skills:
 - Level 1.1 Fighting
 - Level 2.6 Dodging
 - Level 3.2 Unarmed Combat
 - Level 2.0 Spellcasting
 + Level 5.8 Transmutations


You had one spell level left.
You knew the following spells:

 Your Spells              Type           Power        Failure   Level  Hunger
a - Beastly Appendage     Tmut           ###...       2%          1    ##.....
b - Sticks to Snakes      Tmut           ###.....     3%          2    ###....
c - Spider Form           Tmut/Pois      #.........   24%         3    ####...

Your spell library contained the following spells:

 Spells                   Type           Power        Failure   Level  Hunger
 Blade Hands              Tmut           ###.......   56%         5    ######.
 Ice Form                 Ice/Tmut       #.......     63%         4    #####..


Dungeon Overview and Level Annotations

Branches:
Dungeon (3/15)

Altars:


Message History

Your transformation is almost over.
You start resting.
You feel sick. x2
You feel less wooden.
Your +0 robe unmelds from your body.
There is a lethal amount of poison in your body!
There is a lethal amount of poison in your body!
There is a lethal amount of poison in your body!
There is a lethal amount of poison in your body!
Okay, then.
As you read the scroll labeled BOTONE URCH, it crumbles to dust.
It is a scroll of enchant weapon.
You aren't carrying any weapons that can be enchanted.
As you read the scroll labeled ODEZXU MOCO, it crumbles to dust.
It is a scroll of identify.
h - a potion of haste
* * * LOW HITPOINT WARNING * * *
You feel sick.
Okay, then.
You die...

#.............#
#......#.# #.#
###########...#
#....#...# #.# #...#
####.#.### ##)# #####
#...# #... ##### #..#
############ #########
#..........# #........
#.[........######.##.....
#.....>.@.........##.##..
#................###.....
##########.........+.....
#........##.....
#........#...#..
######.#.#...##.
#.....#...### ######
###.#.###...### #....#
#...#.>.+....#


There were no monsters in sight!

Vanquished Creatures
  A gnoll (D:1)
  An adder (D:2)
  2 leopard geckos
  3 bats (D:1)
  A giant cockroach (D:1)
  7 goblins
  8 hobgoblins
  4 jackals (D:2)
  7 kobolds (D:1)
  A quokka (D:2)
  2 ball pythons
  4 frilled lizards
  4 rats (D:1)
45 creatures vanquished.

Notes
Turn   | Place    | Note
-------+----------+-------------------------------------------
     0 | D:1      | poirepourri the Merfolk Transmuter began the quest for the Orb.
     0 | D:1      | Reached XP level 1. HP: 15/15 MP: 3/3
    66 | D:1      | Reached skill level 3 in Transmutations
   359 | D:1      | Reached XP level 2. HP: 20/21 MP: 5/5
   433 | D:1      | Reached skill level 4 in Transmutations
   451 | D:1      | Reached XP level 3. HP: 16/26 MP: 6/6
   885 | D:1      | Learned a level 2 spell: Sticks to Snakes
   889 | D:1      | Learned a level 3 spell: Spider Form
   932 | D:1      | Reached skill level 5 in Transmutations
  1748 | D:2      | Reached XP level 4. HP: 20/32 MP: 3/7
  2113 | D:2      | HP: 1/32 [poisoned by an adder]
  2117 | D:2      | Succumbed to an adder's poison

Vault maps used:
D:1:      dpeg_arrival_short_road
D:2:      doesnt_xom_only_xom, uniq_robin
D:3:      overflow_temple_1_default

Skill      XL: |  1  2  3 |
---------------+----------+-----
Transmutations | 3 4 5 |  5.8
Fighting       | |  1.1
Dodging        | |  2.6
Unarmed Combat | |  3.2
Spellcasting   | |  2.0

Action                   |  1- 3 |  4- 6 || total
-------------------------+-------+-------++-------
Melee: Unarmed           |   157 |    18 ||   175
       Headbutt          |    13 |       ||    13
       Punch             |     1 |       ||     1
 Cast: Beastly Appendage |    12 |     2 ||    14
       Spider Form       |     1 |     1 ||     2
  Use: Scroll            |     1 |     2 ||     3
       Potion            |       |     1 ||     1
 Stab: Sleeping          |     6 |       ||     6
  Eat: Chunk             |     2 |       ||     2
       Ration            |     1 |       ||     1
Armor: Robe              |    25 |     2 ||    27
       Skin              |       |     2 ||     2
Dodge: Dodged            |    98 |    10 ||   108

Table legend:
 A = Spawn XP
 B = Non-spawn XP
 C = Spawn XP percentage of total XP
 D = Spawn monster count
 E = Non-spawn monster count
 F = Spawn count percentage of total count
 G = Total turns spent on level
                    A         B        C        D         E        F      G
               +---------+---------+-------+---------+---------+-------+---------
         Total |       0 |     101 |   0.0 |       0 |      45 |   0.0 |  2117
               +---------+---------+-------+---------+---------+-------+---------
           D:1 |       0 |      68 |   0.0 |       0 |      33 |   0.0 |  1619
           D:2 |       0 |      33 |   0.0 |       0 |      12 |   0.0 |   495
               +---------+---------+-------+---------+---------+-------+---------
